 Dungeon Crawl Stone Soup version 0.24-a0-639-gb70a11d811 (webtiles) character file.

Game seed: 5157226476802251287, levelgen mode: deterministic

7245 Lentor the Basher (level 11, -4/67 HPs)
             Began as a Gargoyle Fighter on Sept 23, 2019.
             Was a High Priest of Okawaru.
             Slain by Snorg (15 damage)
             ... on level 10 of the Dungeon.
             The game lasted 00:49:26 (9222 turns).

Lentor the Basher (Gargoyle Fighter)                Turns: 9222, Time: 00:49:27

Health: -4/67      AC: 21    Str: 21    XL:     11   Next: 12%
Magic:  12/12      EV: 11    Int: 10    God:    Okawaru [*****.]
Gold:   601        SH: 11    Dex: 10    Spells: 10/10 levels left

rFire    . . .     SeeInvis .   b - +2 mace (protect)
rCold    . . .     Gourm    .   c - +0 shield
rNeg     + + .     Faith    .   T - +3 ring mail
rPois    ∞         Spirit   .   (no helmet)
rElec    +         Reflect  .   (no cloak)
rCorr    +         Harm     .   (no gloves)
MR       .....                  (no boots)
Stlth    +.........             j - amulet of regeneration
HPRegen  0.61/turn              u - +4 ring of protection
MPRegen  0.13/turn              P - ring of Elipaw {rN+ rCorr}

@: very slightly contaminated, invisible
A: thin metallic scales 1, deformed body, negative energy resistance 1, sense
surroundings 1, electricity resistance, unbreathing, evolution 1, petrification
resistance, rot immunity, AC +8
a: Heroism, Finesse, Renounce Religion


You were on level 10 of the Dungeon.
You worshipped Okawaru.
Okawaru was extremely pleased with you.
You were not hungry.

You visited 1 branch of the dungeon, and saw 10 of its levels.
You also visited: Bailey.

You collected 1082 gold pieces.
You spent 481 gold pieces at shops.

Inventory:

Hand Weapons
 a - a +3 morningstar
 b - a +2 mace of protection (weapon)
 L - a +0 short sword of venom
 Q - a +2 hunting sling
Missiles
 p - 154 stones (quivered)
Armour
 c - a +0 shield (worn)
 H - a +2 helmet
 T - a +3 ring mail (worn)
Jewellery
 j - an amulet of regeneration (around neck)
 u - a +4 ring of protection (left hand)
 F - a +5 ring of evasion
 M - a +2 ring of evasion
 O - the ring of Butchery {Fire rPois MR+ Int+6}
   (You found it on level 8 of the Dungeon)

   [ring of fire]

   It enhances your fire magic.
   It affects your intelligence (+6).
   It protects you from fire.
   It makes you vulnerable to cold.
   It protects you from poison.
   It affects your resistance to hostile enchantments.
 P - the ring of Elipaw (right hand) {rN+ rCorr}
   (You found it on level 8 of the Dungeon)

   [ring of resist corrosion]

   It protects you from negative energy.
   It provides partial protection from all sources of acid and corrosion.
Wands
 m - a wand of clouds (3)
 n - a wand of polymorph (14)
 x - a wand of flame (8)
 G - a wand of paralysis (11)
 I - a wand of random effects (18)
 N - a wand of digging (4)
Scrolls
 h - 3 scrolls of enchant weapon {unknown}
 k - 9 scrolls of teleportation
 l - 6 scrolls of remove curse
 r - 2 scrolls of blinking {unknown}
 s - 2 scrolls of amnesia {unknown}
 t - a scroll of random uselessness {unknown}
 v - a scroll of enchant armour
 y - 2 scrolls of immolation
 A - 2 scrolls of fog {unknown}
 B - a scroll of magic mapping {unknown}
 C - a scroll of noise {unknown}
 E - 3 scrolls of identify
Potions
 d - a potion of might
 e - 4 potions of lignification
 g - 3 potions of cancellation
 i - 3 potions of magic
 o - 4 potions of brilliance
 q - 2 potions of invisibility
 w - 6 potions of curing
 z - a potion of haste
 J - a potion of ambrosia
 K - a potion of flight
Miscellaneous
 R - a phantom mirror
 S - a crystal ball of energy
Comestibles
 f - 15 rations


   Skills:
 * Level 7.4 Fighting
 * Level 10.4 Maces & Flails
 * Level 6.9 Armour
 * Level 4.3 Dodging
 - Level 0.4 Stealth
 * Level 9.9 Shields
 - Level 1.0 Unarmed Combat
 * Level 2.1 Invocations


You had 10 spell levels left.
You didn't know any spells.
Your spell library contained the following spells:

 Spells                   Type           Power        Failure   Level  Hunger
 Animate Skeleton         Necr           N/A          75%         1    ##.....
 Freeze                   Ice            #...         75%         1    ##.....
 Pain                     Necr           #...         75%         1    ##.....
 Throw Frost              Conj/Ice       #.....       86%         2    ###....
 Ozocubu's Armour         Chrm/Ice       #.......     98%         3    ####...
 Recall                   Summ/Tloc      N/A          98%         3    ####...
 Regeneration             Chrm/Necr      #.........   98%         3    ####...
 Vampiric Draining        Necr           #.........   98%         3    ####...
 Animate Dead             Necr           N/A          100%        4    #####..
 Summon Ice Beast         Ice/Summ       #.......     100%        4    #####..
 Throw Icicle             Conj/Ice       #.......     100%        4    #####..
 Malign Gateway           Summ/Tloc      #.........   100%        7    #######


Dungeon Overview and Level Annotations

Branches:
Dungeon (10/15)            Temple (0/1) D:6             Orc (0/2) D:9
 Bailey (visited)
   Lair: D:8-11

Altars:
Ashenzari
Dithmenos
Gozag
Makhleb
Okawaru
Ru
Sif Muna
Vehumet
Yredelemnul
Zin
The Shining One
Beogh

Shops:
D:5 [   D:10 *

Annotations:
D:9 1 runed translucent door, Ethuysag's ghost, novice DsWz
D:10 Snorg


Innate Abilities, Weirdness & Mutations

You are resistant to torment.
Your stone body is resilient. (AC +8)
You are immune to poison.
You resist negative energy. (rN+)
You are resistant to electric shocks. (rElec)
You can survive without breathing.
You are immune to petrification.
You are immune to rotting.
You are partially covered in thin metallic scales. (AC +2)
Armour fits poorly on your strangely shaped body.
You passively map a small area around you.
You evolve.


Message History

Snorg bites you!!
* * * LOW HITPOINT WARNING * * *
Snorg claws you but does no damage. You block Snorg's attack.
You barely miss Snorg.
Snorg is heavily wounded.
You block Snorg's attack. Snorg claws you but does no damage.
You block Snorg's attack. Snorg closely misses you. You block Snorg's attack.
Snorg claws you but does no damage.
There is an open door here.
You block Snorg's attack. x2; Snorg claws you!
* * * LOW HITPOINT WARNING * * *
You fade into invisibility!
Snorg closely misses you. Snorg claws you.
* * * LOW HITPOINT WARNING * * *
Snorg barely misses you.
You are very lightly contaminated with residual magic.
Snorg rages.
You block Snorg's attack. Snorg misses you. You block Snorg's attack.
You feel better. Snorg bites you!
You die...

#..# , , , , #..# # ,,
#..###..# , ,,
#.......####### ,,
,###'#######....#, ,
#...##....#....#
,#...##....'.##.# * ,
#..T###...#....# ,
#..@###...####### ,
#...............# ,
,,#...............# ,
,,#...............#* ,
#......##..###...########
#...... #..###...'......#
#..... .#........#......#
#....# .#........#..#...#
#....##.#........#..#...#
,


You could see Snorg (berserk).

Vanquished Creatures
  A skeletal warrior (D:8)
  A manticore (D:8)
  An efreet (D:8)
  A troll (D:10)
  A hippogriff (D:8)
  Sigmund (D:2)
  A spriggan (D:7)
  A wyvern (D:8)
  A hungry ghost (D:7)
  2 ice beasts
  5 orc warriors
  2 black bears (D:8)
  An ogre (D:9)
  4 phantoms
  2 centaurs
  2 sky beasts
  A big kobold (D:9)
  8 bullfrogs
  9 gnoll sergeants
  3 scorpions
  7 killer bees
  4 howler monkeys
  2 crimson imps (D:5)
  4 hounds
  6 orc priests
  7 gnoll shamans
  3 jellies
  3 centaur skeletons
  7 orc wizards
  A bullfrog skeleton (D:7)
  An iguana (D:6)
  Natasha (thrice) (D:2)
  8 worker ants
  24 gnolls
  10 adders
  3 shadow imps
  An adder skeleton (D:4)
  A worm (D:2)
  A dart slug (D:2)
  2 leopard geckos
  58 orcs
  8 giant cockroaches
  13 goblins
  5 hobgoblins
  4 jackals (D:7)
  12 kobolds
  3 quokkas
  2 ball pythons
  4 bats
  8 frilled lizards
  A leopard gecko skeleton (D:3)
  A quokka zombie (D:7)
  9 rats
274 creatures vanquished.

Vanquished Creatures (others)
  A bullfrog (D:7)
  An orc wizard (D:7)
  An adder (D:2)
  An orc (D:7)
  A bat (D:2)
  A rat (D:2)
6 creatures vanquished.

Grand Total: 280 creatures vanquished

Notes
Turn   | Place    | Note
-------+----------+-------------------------------------------
     0 | D:1      | Lentor the Gargoyle Fighter began the quest for the Orb.
     0 | D:1      | Reached XP level 1. HP: 14/14 MP: 1/1
   370 | D:1      | Reached XP level 2. HP: 19/19 MP: 2/2
   747 | D:1      | Reached skill level 1 in Dodging
   747 | D:1      | Reached XP level 3. HP: 23/23 MP: 3/3
   917 | D:2      | You fall into a shaft and drop 2 floors!
  1154 | D:2      | Found a burning altar of Makhleb.
  1173 | D:2      | Reached XP level 4. HP: 18/29 MP: 4/4
  1247 | D:2      | Found a glowing golden altar of the Shining One.
  1248 | D:2      | Found a radiant altar of Vehumet.
  1249 | D:2      | Noticed Natasha
  1276 | D:2      | Killed Natasha
  1825 | D:2      | Noticed Natasha
  1833 | D:2      | Killed Natasha
  1833 | D:2      | Reached skill level 3 in Maces & Flails
  1833 | D:2      | Reached XP level 5. HP: 33/33 MP: 5/5
  1860 | D:2      | Noticed Natasha
  1866 | D:2      | Killed Natasha
  1908 | D:2      | Noticed Sigmund
  1923 | D:2      | Killed Sigmund
  1923 | D:2      | Reached skill level 4 in Maces & Flails
  1923 | D:2      | Reached XP level 6. HP: 38/38 MP: 6/6
  1985 | D:2      | Found an iron altar of Okawaru.
  2029 | D:2      | Became a worshipper of Warmaster Okawaru
  2731 | D:4      | Found an opulent altar of Gozag.
  2826 | D:4      | Reached skill level 5 in Shields
  2826 | D:4      | Reached XP level 7. HP: 44/44 MP: 7/7
  2952 | D:4      | Found a shimmering blue altar of Sif Muna.
  3104 | D:5      | Entered Level 5 of the Dungeon
  3232 | D:5      | Reached skill level 5 in Maces & Flails
  3368 | D:5      | Reached * piety under Okawaru
  3441 | D:5      | Reached XP level 8. HP: 42/48 MP: 8/8
  3457 | D:5      | Found Reagat's Armour Shoppe.
  3532 | D:5      | Reached skill level 5 in Fighting
  3532 | D:5      | Reached skill level 6 in Maces & Flails
  4266 | D:6      | Reached skill level 5 in Armour
  4468 | D:6      | Reached ** piety under Okawaru
  4468 | D:6      | Reached skill level 7 in Maces & Flails
  4547 | D:6      | Found a staircase to the Ecumenical Temple.
  4725 | D:7      | Reached XP level 9. HP: 47/54 MP: 9/9
  5161 | D:7      | Reached skill level 1 in Unarmed Combat
  5390 | D:7      | Reached skill level 8 in Maces & Flails
  5508 | D:8      | Reached *** piety under Okawaru
  6150 | D:8      | Reached XP level 10. HP: 61/61 MP: 10/10
  6188 | D:8      | Reached skill level 9 in Maces & Flails
  6217 | D:8      | Noticed a manticore
  6236 | D:8      | Killed a manticore
  6252 | D:8      | Reached **** piety under Okawaru
  6254 | D:8      | Noticed a skeletal warrior
  6283 | D:8      | Killed a skeletal warrior
  6384 | D:8      | Identified the Incunabulum of Creation
  6390 | D:8      | Got a coiled pewter ring
  6393 | D:8      | Got a translucent bone ring
  6442 | D:8      | Identified the ring of Butchery {Fire rPois MR+ Int+6} (You
                  | found it on level 8 of the Dungeon)
  6444 | D:8      | Identified the ring of Elipaw {rN+ rCorr} (You found it on
                  | level 8 of the Dungeon)
  6543 | D:9      | Found a shadowy altar of Dithmenos.
  6617 | D:9      | Found a flagged portal.
  6629 | Bailey   | Entered a bailey
  7112 | Bailey   | Reached skill level 10 in Maces & Flails
  7136 | Bailey   | Reached skill level 1 in Invocations
  8187 | D:9      | Found a runed translucent door.
  8188 | D:9      | Noticed Ethuysag's ghost (novice DsWz)
  8349 | D:9      | Reached XP level 11. HP: 64/67 MP: 12/12
  8411 | D:9      | Found a shattered altar of Ashenzari.
  8437 | D:9      | Found a basalt altar of Yredelemnul.
  8511 | D:9      | Found a roughly hewn altar of Beogh.
  8511 | D:9      | Found a staircase to the Orcish Mines.
  8778 | D:9      | Found a shattered altar of Ashenzari.
  8782 | D:9      | Found a sacrificial altar of Ru.
  8791 | D:9      | Found a glowing silver altar of Zin.
  9011 | D:10     | Entered Level 10 of the Dungeon
  9026 | D:10     | Reached ***** piety under Okawaru
  9110 | D:10     | Found Kyfi's Assorted Antiques.
  9113 | D:10     | Bought a scroll of identify for 74 gold pieces
  9113 | D:10     | Bought a glowing morningstar for 259 gold pieces
  9113 | D:10     | Bought a scroll of identify for 74 gold pieces
  9113 | D:10     | Bought a scroll of identify for 74 gold pieces
  9117 | D:10     | Gained mutation: You have a somewhat thin skeletal
                  | structure. (Dex +2, Stealth) [potion of mutation]
  9117 | D:10     | Gained mutation: You are partially covered in thin metallic
                  | scales. (AC +2) [potion of mutation]
  9117 | D:10     | Gained mutation: You have a pair of small horns on your
                  | head. [potion of mutation]
  9117 | D:10     | Gained mutation: You have large cloven feet. [potion of
                  | mutation]
  9120 | D:10     | Lost mutation: You have a somewhat thin skeletal structure.
                  | (Dex +2, Stealth) [potion of mutation]
  9120 | D:10     | Lost mutation: You have large cloven feet. [potion of
                  | mutation]
  9120 | D:10     | Lost mutation: You have a pair of small horns on your head.
                  | [potion of mutation]
  9120 | D:10     | Gained mutation: Armour fits poorly on your strangely
                  | shaped body. [potion of mutation]
  9120 | D:10     | Gained mutation: You passively map a small area around you.
                  | [potion of mutation]
  9120 | D:10     | Gained mutation: You evolve. [potion of mutation]
  9190 | D:10     | Noticed Snorg
  9218 | D:10     | HP: 3/67 [Snorg (8)]
  9222 | D:10     | Slain by Snorg

Levels and vault maps discovered:
D:1:      dpeg_arrival_tiny_e, layout_loops_ring, minmay_shallow_snake_nest
D:2:      layout_basic, overflow_temple_1_default,
          chequers_temple_overflow_statue_of_worship, lemuel_flame_loot_1,
          uniq_natasha, uniq_sigmund
D:3:      layout_rooms
D:4:      layout_rooms, nicolae_overflow_crystal_walls, kennysheep_mini_moat,
          first_ration
D:5:      layout_basic, serial_shops, shop
D:6:      layout_cave_pods, minmay_temple_entry_from_below_a, abandoned_shop
D:7:      layout_rooms, the_bakery, lemuel_old_faithful
D:8:      minmay_the_grid_square_5x5_3x3 [minmay_the_grid_square_5x5_plus,
          minmay_the_grid_square_5x5_three_walls,
          minmay_the_grid_square_5x5_mess, minmay_the_grid_square_5x5_inset,
          minmay_the_grid_square_5x5_megaprize_diamond,
          minmay_the_grid_square_5x5_checkered_sparse,
          minmay_the_grid_square_5x5_z, minmay_the_grid_square_5x5_lines,
          minmay_the_grid_square_5x5_pentomino_r], layout_basic,
          chequers_serial_rivers_micro_b, minmay_misc_feat_columns
D:9:      layout_basic, yredelemnul_altar_generic, kennysheep_mini,
          minmay_overflow_temple_star_quad, david_orc_5, enter_bailey_3,
          basic_altar, ebering_ghost_reflecting_pool
D:10:     layout_stronghold, david_lair_generic, serial_shops,
          nicolae_shop_behind_doors, uniq_snorg

Skill      XL: |  1  2  3  4  5  6  7  8  9 10 11 |
---------------+----------------------------------+-----
Dodging        | 1 2 3 4 |  4.3
Shields        | 4 5 6 8 9 |  9.9
Maces & Flails | 3 4 5 7 8 10 | 10.4
Fighting       | 4 5 6 7 |  7.4
Armour         | 4 5 6 |  6.9
Unarmed Combat | 1 |  1.0
Invocations    | 1 2 |  2.1
Stealth        | |  0.4

Action                   |  1- 3 |  4- 6 |  7- 9 | 10-12 || total
-------------------------+-------+-------+-------+-------++-------
Melee: Flail             |   145 |   180 |   637 |   616 ||  1578
       Unarmed           |       |       |     6 |       ||     6
       Mace              |       |       |       |    23 ||    23
Invok: Heroism           |       |       |       |     5 ||     5
  Use: Scroll            |       |       |    12 |     6 ||    18
       Potion            |       |       |       |     9 ||     9
  Eat: Chunk             |     1 |     2 |    11 |     7 ||    21
       Ration            |       |     1 |     1 |     1 ||     3
Armor: Scale mail        |   100 |    88 |   334 |   235 ||   757
       Skin              |       |       |     4 |       ||     4
       Ring mail         |       |       |       |    75 ||    75
Dodge: Dodged            |    50 |    72 |   260 |   337 ||   719
Block: Shield            |    79 |   114 |   373 |   503 ||  1069

Table legend:
 A = Non-vault XP
 B = Vault XP
 C = Vault XP percentage of total XP
 D = Non-vault monster count
 E = Vault monster count
 F = Vault count percentage of total count
                 A         B        C        D         E       F
            +---------+---------+-------+---------+---------+-------
      Total |    5046 |    5304 |  51.2 |     198 |      77 |  28.0
            +---------+---------+-------+---------+---------+-------
        D:1 |      34 |       0 |   0.0 |      14 |       0 |   0.0
        D:2 |     147 |     266 |  64.4 |      26 |       2 |   7.1
        D:3 |      89 |       0 |   0.0 |      21 |       0 |   0.0
        D:4 |     282 |       0 |   0.0 |      13 |       0 |   0.0
        D:5 |     742 |       0 |   0.0 |      29 |       0 |   0.0
        D:6 |     735 |       0 |   0.0 |      23 |       0 |   0.0
        D:7 |    1036 |     215 |  17.2 |      28 |       1 |   3.4
        D:8 |     739 |    2952 |  80.0 |      18 |      16 |  47.1
        D:9 |     545 |     633 |  53.7 |      15 |      28 |  65.1
       D:10 |     697 |       0 |   0.0 |      11 |       0 |   0.0
     Bailey |       0 |    1238 | 100.0 |       0 |      30 | 100.0
            +---------+---------+-------+---------+---------+-------
